 Dungeon Crawl Stone Soup version 0.28.0 (webtiles) character file.

Game seed: 11376933247075004168

100 AmazingTV the Shield-Bearer (level 4, 0/40 HPs)
             Began as a Minotaur Fighter on July 9, 2022.
             Shot with a stone by a goblin (3 damage)
             ... led by Robin
             ... on level 3 of the Dungeon.
             The game lasted 00:04:34 (2173 turns).

AmazingTV the Shield-Bearer (Minotaur Fighter)      Turns: 2173, Time: 00:04:35

Health: 0/40       AC:  7    Str: 23    XL:     4   Next: 47%
Magic:  3/3        EV:  9    Int:  5    God:
Gold:   72         SH:  4    Dex:  9    Spells: 3/3 levels left

rFire   . . .      SeeInvis .   r - +0 war axe {axe}
rCold   . . .      Faith    .   c - +0 buckler
rNeg    . . .      Spirit   .   m - +0 scale mail
rPois   .          Reflect  .   (helmet restricted)
rElec   .          Harm     .   (no cloak)
rCorr   .          Rampage  .   (no gloves)
Will    .....                   (no boots)
Stlth   ..........              (no amulet)
HPRegen 0.13/turn               (no ring)
MPRegen 0.08/turn               (no ring)

@: no status effects
A: horns 2, retaliatory headbutt
a: no special abilities


You were on level 3 of the Dungeon.
You visited 1 branch of the dungeon, and saw 3 of its levels.

You collected 72 gold pieces.


Innate Abilities, Weirdness & Mutations

You have a pair of horns on your head.
You reflexively headbutt those who attack you in melee.


   Skills:
 + Level 4.3 Fighting
 + Level 3.3 Maces & Flails
 + Level 1.6 Throwing
 + Level 4.3 Armour
 + Level 4.3 Shields


You had 3 spell levels left.
You didn't know any spells.
Your spell library was empty.

Inventory:

Hand Weapons
 a - a +0 flail {mace}
 b - a +0 mace {mace}
   (You found it on level 3 of the Dungeon)
 k - a +0 battleaxe {axe}
   (You found it on level 2 of the Dungeon)
 n - a +0 hunting sling {sling}
   (You found it on level 2 of the Dungeon)
 r - a +0 war axe (weapon) {axe}
   (You found it on level 2 of the Dungeon)
Missiles
 e - 65 stones (quivered)
 i - a throwing net {=f!f}
 l - 9 arrows
Armour
 c - a +0 buckler (worn)
 m - a +0 scale mail (worn)
 s - a +1 scale mail of willpower
   (You took it off an orc on level 3 of the Dungeon)
Scrolls
 f - a scroll of enchant armour {unknown}
 g - 3 scrolls of enchant weapon {unknown}
 j - a scroll of teleportation {unknown}
 o - a scroll of magic mapping {unknown}
Potions
 d - 2 potions of might
 h - 4 potions of haste {unknown}
 p - a potion of curing {unknown}
 q - a potion of heal wounds {unknown}
 t - a potion of mutation {unknown}

Dungeon Overview and Level Annotations

Branches:
Dungeon (3/15)

Altars:

Annotations:
D:3 Robin

....... ..........###...#
#...... ............#...#
#...... #.# #†..#......#
#...... #.# ##....###††#
#<..)#### #.# #.....###.#
#.ggg)#####.## ##........##
##)##.)..##..## ##.##......
#..
####......#####.####..#.
...# ##....@......#..#
#..## ..##
##.............#.####..#
...#
###.........)............#
...
.............).............
##
####.........†.............
#....................###
#....................#
#....................#
##...................#


You could see a goblin (strong).


Message History

😕 HP[-4]
You take 4 damage, and now have 36/40 hp.
You barely miss the hobgoblin. You barely miss the goblin.
You closely miss the goblin.
The hobgoblin shouts!
The goblin hits you but does no damage.
Robin roars a battlecry!
The hobgoblin goes into a battle-frenzy!
The hobgoblin barely misses you.
You barely miss the hobgoblin. You headbutt the hobgoblin.
You closely miss the goblin. You slash the goblin!
You kill the goblin!
Robin throws the goblin at you! The goblin misses you.
The goblin hits you but does no damage. The hobgoblin barely misses you.
You furiously retaliate!
You headbutt the hobgoblin.
You kill the hobgoblin!
A goblin comes into view. It is wielding a +0 club.
The goblin hits you but does no damage. The goblin misses you.
You closely miss the orc. You completely miss the goblin.
You closely miss the goblin. The orc hits you with a +0 flail!
A goblin comes into view. It is wielding a +0 dagger.
The goblin hits you but does no damage. You block the goblin's attack.
The orc closely misses you. 😮 HP[-7]
You take 7 damage, and now have 29/40 hp.
Robin throws the goblin at you! The goblin misses you. 😮 HP[-1]
You take 1 damage, and now have 28/40 hp.
You closely miss the goblin. Your headbutt misses the goblin.
You hit the goblin.
You kill the goblin!
You block the goblin's attack.
Robin says, "Duck!"
The goblin barely misses you. 😮 HP[+1]
You hit the goblin but do no damage. Your headbutt misses the goblin.
The goblin hits you with a +0 dagger. 😮 HP[-2]
You take 2 damage, and now have 27/40 hp.
You barely miss the goblin. The goblin barely misses you.
Robin throws the goblin at you! The goblin hits you but does no damage.
The goblin barely misses you.
You slash the goblin!
You kill the goblin!
You hit the hobgoblin but do no damage.
The goblin no longer looks unusually strong.
You slash the hobgoblin!
You kill the hobgoblin!
You closely miss the hobgoblin.
The hobgoblin hits you but does no damage.
Robin throws the goblin at you!
The hobgoblin hits you but does no damage.
You closely miss the goblin. You barely miss the hobgoblin. You hit the orc.
The orc hits you but does no damage. The goblin hits you but does no damage.
You block the hobgoblin's attack. The orc misses you. 😮 HP[+1]
You hit the goblin. You barely miss the orc. You slash the hobgoblin!
You kill the hobgoblin!
The goblin no longer looks unusually strong.
The goblin hits you with a +0 club. The orc hits you with a +0 flail.
The goblin hits you with a +0 club.
* * * LOW HITPOINT WARNING * * *
😨 HP[-8]
You take 8 damage, and now have 20/40 hp.
You hit the goblin. You closely miss the orc.
The orc hits you but does no damage. The goblin hits you with a +0 club.
* * * LOW HITPOINT WARNING * * *
The orc hits you but does no damage. 😨 HP[-4]
You take 4 damage, and now have 16/40 hp.
You hit the goblin but do no damage. You barely miss the orc.
The goblin hits you with a +0 club.
* * * LOW HITPOINT WARNING * * *
The orc hits you with a +0 flail!
* * * LOW HITPOINT WARNING * * *
The goblin hits you but does no damage.
Robin roars a battlecry!
The goblins go into a battle-frenzy! 😱 HP[-8]
You take 8 damage, and now have 8/40 hp.
You slash the goblin!
You kill the goblin!
You hit the orc. The orc closely misses you. You furiously retaliate!
You headbutt the orc.
You kill the orc!
The goblin unwields a +0 dagger.
The goblin wields a +0 hunting sling.
The goblin shoots a stone.
You block the stone.
You see here a +0 club {mace}.
The goblin shoots a stone.
The stone hits you.
* * * LOW HITPOINT WARNING * * *
😱 HP[-4]
You take 4 damage, and now have 4/40 hp.
The goblin shoots a stone.
The stone hits you.
* * * LOW HITPOINT WARNING * * *
😱 HP[-1]
You take 1 damage, and now have 3/40 hp.
The goblin shoots a stone.
The stone barely misses you.
The goblin shoots a stone.
The stone hits you but does no damage.
The goblin shoots a stone.
The stone hits you.
You die...

Skill      XL: |  1  2  3 |
---------------+----------+-----
Fighting       | 4 |  4.3
Throwing       | 1 |  1.6
Armour         | 4 |  4.3
Shields        | 4 |  4.3
Maces & Flails | 3 |  3.3

Action                   |  1- 3 |  4- 6 || total
-------------------------+-------+-------++-------
Melee: Flail             |    96 |    27 ||   123
       Headbutt          |     8 |     2 ||    10
       War axe           |       |    14 ||    14
Armor: Scale mail        |    44 |    34 ||    78
Dodge: Dodged            |    41 |    34 ||    75
Block: Buckler           |    18 |    15 ||    33

Levels and vault maps discovered:
D:1:      wander_arrival_peaceful_grave, layout_loops_corners,
          minmay_statues_item
D:2:      layout_basic, ebering_ecumenical_altar_sacrificial
D:3:      layout_rooms, serial_glass, glass_columns_b, glass_columns_a,
          minmay_misc_feat_four_crosses, uniq_robin

Notes
Turn   | Place    | Note
-------+----------+-------------------------------------------
     0 | D:1      | AmazingTV the Minotaur Fighter began the quest for the Orb.
     0 | D:1      | Reached XP level 1. HP: 19/19 MP: 0/0
     0 | D:1      | magus.rc [v1.9.6]
   212 | D:1      | Reached XP level 2. HP: 27/27 MP: 1/1
   960 | D:2      | Reached skill level 4 in Fighting
   960 | D:2      | Reached skill level 1 in Throwing
   960 | D:2      | Reached skill level 4 in Armour
   960 | D:2      | Reached skill level 4 in Shields
   960 | D:2      | Reached XP level 3. HP: 20/33 MP: 2/2
  1262 | D:2      | Reached skill level 3 in Maces & Flails
  1369 | D:2      | Found a faded altar of an unknown god.
  2007 | D:3      | Reached XP level 4. HP: 40/40 MP: 3/3
  2147 | D:3      | Noticed Robin
  2166 | D:3      | HP: 8/40 [orc (7)]
  2170 | D:3      | HP: 3/40 [goblin/stone[Robin] (1)]
  2173 | D:3      | Shot with a stone by a goblin

Vanquished Creatures
  3 adders
  A worm (D:2)
  2 orcs (D:3)
  3 endoplasms
  3 giant cockroaches
  9 goblins
  10 hobgoblins
  4 jackals (D:3)
  3 kobolds
  4 quokkas
  8 ball pythons
  4 bats
  5 frilled lizards
  2 rats (D:1)
61 creatures vanquished.

Table legend:
 A = Non-vault XP
 B = Vault XP
 C = Vault XP percentage of total XP
 D = Non-vault monster count
 E = Vault monster count
 F = Vault count percentage of total count
                 A         B        C        D         E       F
            +---------+---------+-------+---------+---------+-------
      Total |     130 |      14 |   9.7 |      53 |       8 |  13.1
            +---------+---------+-------+---------+---------+-------
        D:1 |      31 |       0 |   0.0 |      19 |       0 |   0.0
        D:2 |      47 |       0 |   0.0 |      19 |       0 |   0.0
        D:3 |      52 |      14 |  21.2 |      15 |       8 |  34.8
            +---------+---------+-------+---------+---------+-------

Illustrated notes

Table legend:
 A = Kills in this place as a percentage of kills in entire the game.
 B = Kills by you in this place as a percentage of kills by you in the entire game.
 C = Kills by friends in this place as a percentage of kills by friends in the entire game.
 D = Other kills in this place as a percentage of other kills in the entire game.
 E = Experience gained in this place as a percentage of experience gained in the entire game.
 F = Experience gained in this place divided by the number of levels of this place that you have seen.
                   A       B       C       D       E      F
               +-------+-------+-------+-------+-------+----------------------
         Total | 100.0 | 100.0 |   N/A |   N/A | 100.0 |  48.0
       Dungeon | 100.0 | 100.0 |   N/A |   N/A | 100.0 |  48.0
               +-------+-------+-------+-------+-------+----------------------

Table legend: (Time is in decaauts)
 A = Elapsed time spent in this place.
 B = Non-inter-level travel time spent in this place.
 C = Inter-level travel time spent in this place.
 D = Time resting spent in this place.
 E = Time spent auto-exploring this place.
 F = Levels seen in this place.
 G = Mean time per level.
                   A        B        C        D        E       F      G
               +--------+--------+--------+--------+--------+-----+--------+
         Total |   2214 |   2110 |    104 |    482 |   1234 |   3 |  738.0 |
       Dungeon |   2214 |   2110 |    104 |    482 |   1234 |   3 |  738.0 |
               +--------+--------+--------+--------+--------+-----+--------+

Top non-repeatable levels by time:
     D:2: 1137 daAuts
     D:1: 862 daAuts
     D:3: 215 daAuts
